Map: [ESL] Cosmic Sapphire

Players

Astrea

  • Race: Protoss Protoss
  • League: Master
  • Spawn Location: 11:00

Reynor - Winner!

  • Race: Zerg Zerg
  • League: Master
  • Spawn Location: 5:00

Event: HomeStory Cup XXII

VOD

Have the link to the VOD?

Description

Time

  • Played on: Dec. 18, 2022, 3:57 p.m.
  • Length: 12:29

All games in this series

Show
View Real Time Build Order
Export as new Build Order

Astrea Protoss 

Build Orders: Nexus First, Oracle Opening, Zealot Archon 

Get SALT Encoding   

  12  0:00  Probe  
  13  0:12  Probe  
  14  0:20  Pylon  
  14  0:24  Probe  
  15  0:38  Probe  
  16  0:50  Probe  
  17  1:01  Nexus  
  17  1:12  Gateway  
  17  1:15  Probe (Chrono Boost)  
  18  1:21  Assimilator  
  19  1:27  Probe (Chrono Boost)  
  19  1:31  Assimilator  
  19  1:32  Probe (Chrono Boost)  
  20  1:42  Probe  
  20  1:46  Gateway  
  21  1:54  Probe  
  22  2:00  Cybernetics Core  
  23  2:08  Probe (Chrono Boost)  
  23  2:10  Pylon  
  23  2:13  Probe (Chrono Boost)  
  24  2:22  Probe x2 (Chrono Boost)  
  26  2:27  Probe (Chrono Boost)  
  27  2:30  Probe  
  27  2:33  Adept x2 (Chrono Boost)  
  32  2:38  Warp Gate  
  32  2:42  Probe  
  32  2:43  Probe  
  34  2:51  Stargate  
  34  2:54  Probe  
  34  2:55  Probe  
  36  3:01  Stalker  
  38  3:06  Probe  
  38  3:08  Probe  
  40  3:13  Pylon  
  40  3:18  Probe  
  41  3:20  Probe  
  42  3:31  Oracle (Chrono Boost), Probe  
  43  3:37  Probe  
  47  3:43  Probe  
  47  3:46  Nexus  
  47  3:47  Pylon  
  48  3:49  Probe  
  49  3:55  Probe  
  49  4:01  Oracle  
  49  4:02  Probe  
  54  4:07  Probe  
  55  4:14  Probe  
  54  4:20  Probe  
  54  4:22  Assimilator, Pylon  
  54  4:23  Assimilator  
  55  4:25  Pylon  
  55  4:26  Probe  
  55  4:27  Forge  
  55  4:28  Twilight Council, Adept  
  58  4:32  Probe (Chrono Boost)  
  60  4:38  Probe (Chrono Boost)  
  60  4:39  Robotics Facility  
  60  4:44  Probe (Chrono Boost)  
  61  4:50  Probe (Chrono Boost)  
  63  4:53  Probe (Chrono Boost)  
  63  4:55  Probe (Chrono Boost)  
  63  4:56  Gateway x2  
  63  4:58  Probe  
  63  4:59  Protoss Ground Weapons Level 1 (Chrono Boost), Probe  
  65  5:04  Probe  
  65  5:06  Charge  
  67  5:10  Probe  
  67  5:11  Probe  
  69  5:16  Probe  
  66  5:22  Probe  
  66  5:23  Adept, Shield Battery, Templar Archives, Probe  
  66  5:25  Warp Prism (Chrono Boost)  
  66  5:26  Pylon  
  70  5:35  Probe x3  
  72  5:37  Assimilator  
  72  5:38  Assimilator  
  72  5:47  Probe x3  
  75  5:54  Zealot  
  77  5:59  Probe x2  
  77  6:00  Probe  
  77  6:01  Zealot  
  82  6:06  Gateway x2  
  82  6:09  Gateway  
  82  6:11  Probe x2  
  82  6:12  Zealot  
  82  6:14  Immortal  
  81  6:19  Stalker  
  81  6:24  Gateway  
  87  6:26  Robotics Bay  
  87  6:30  High Templar x2  
  91  6:35  Archon  
  91  6:44  High Templar x2  
  95  6:49  Blink  
  95  6:50  Protoss Ground Weapons Level 2 (Chrono Boost)  
  95  6:51  Photon Cannon  
  95  6:52  Nexus  
  95  6:53  Archon, Immortal  
  95  6:54  Pylon  
  99  7:01  Probe x2  
  101  7:05  Pylon x2  
  101  7:07  Pylon  
  101  7:12  Probe  
  102  7:15  Probe  
  102  7:19  Probe  
  102  7:21  Photon Cannon  
  104  7:24  Probe  
  104  7:27  Photon Cannon  
  104  7:28  Shield Battery, Probe  
  104  7:29  Disruptor (Chrono Boost)  
  106  7:30  High Templar  
  106  7:31  High Templar  
  106  7:32  Pylon  
  106  7:36  Probe x2  
  115  7:37  Archon, Assimilator  
  115  7:38  Assimilator  
  115  7:40  Probe  
  116  7:47  Zealot x2, High Templar x2  
  116  7:48  Zealot x2, Probe x2  
  130  7:51  Photon Cannon  
  130  7:53  Photon Cannon  
  130  7:54  Archon  
  130  7:55  Shield Battery  
  130  7:56  Photon Cannon  
  131  7:58  Observer (Chrono Boost)  
  125  8:05  Probe  
  125  8:06  Probe  
  125  8:08  Zealot x5  
  137  8:17  Photon Cannon  
  140  8:21  Disruptor (Chrono Boost)  
  140  8:22  High Templar x2  
  140  8:24  Zealot  
  146  8:27  Archon  
  146  8:28  Gateway  
  146  8:29  Gateway  
  146  8:40  Zealot x5  
  142  8:47  Probe  
  128  8:48  Probe  
  128  8:50  Probe  
  128  8:55  Photon Cannon  
  123  8:57  Disruptor (Chrono Boost)  
  123  8:58  Photon Cannon  
  123  9:01  Shield Battery  
  129  9:06  High Templar x6  
  134  9:10  Archon x2  
  134  9:11  Archon  
  134  9:13  Zealot  
  134  9:14  Zealot  
  134  9:16  Shield Battery  
  138  9:17  Pylon  
  138  9:19  Pylon  
  138  9:20  Photon Cannon  
  138  9:21  Photon Cannon  
  138  9:24  Pylon  
  138  9:30  Disruptor (Chrono Boost)  
  141  9:31  Protoss Air Weapons Level 1  
  141  9:32  Zealot x2  
  141  9:37  Stalker  
  141  9:38  Stalker  
  145  9:39  Zealot x3, Stalker x3  
  145  9:50  Probe  
  145  9:51  Probe  
  145  9:52  Probe x2  
  130  10:03  Disruptor (Chrono Boost), Probe x2  
  130  10:04  Probe  
  130  10:05  Probe  
  130  10:06  High Templar  
  139  10:07  Zealot x3, High Templar  
  147  10:15  Probe x2  
  147  10:16  Probe  
  147  10:17  Probe  
  147  10:20  Archon  
  151  10:36  Nexus  
  151  10:37  Zealot x6  
  138  10:55  Zealot  
  136  10:59  Pylon  
  136  11:00  Pylon  
  136  11:04  Nexus  
  126  11:12  Pylon  
  126  11:13  Pylon  
  126  11:15  Pylon  
  126  11:19  High Templar x7  
  97  11:33  Probe  
  97  11:34  Disruptor (Chrono Boost), Probe  
  97  11:35  Archon x3  
  97  11:36  High Templar  
  97  11:38  Zealot  
  97  11:39  Zealot  
  104  11:41  Probe  
  104  11:44  Archon  
  104  11:46  Probe x2  
  107  11:52  Zealot x2  
  107  11:53  Shield Battery  
  108  11:54  Zealot  
  99  12:02  High Templar x3  
  99  12:03  High Templar x2  
  99  12:07  Zealot x3, Archon x2  
  114  12:14  High Templar  
  98  12:19  Archon  
Show
View Real Time Build Order
Export as new Build Order

Reynor Zerg - Winner!

Build Orders: Hatch First 

Get SALT Encoding   

  12  0:00  Drone  
  13  0:11  Overlord  
  13  0:16  Drone  
  14  0:30  Drone x2  
  16  0:44  Drone  
  17  0:51  Hatchery  
  17  0:54  Drone  
  17  0:57  Drone  
  18  1:09  Extractor  
  17  1:13  Spawning Pool  
  17  1:16  Drone  
  17  1:19  Drone  
  18  1:27  Drone  
  19  1:38  Drone  
  20  1:48  Overlord  
  20  2:00  Queen  
  22  2:02  Drone  
  22  2:03  Queen, Drone  
  26  2:10  Drone  
  26  2:14  Drone  
  28  2:18  Metabolic Boost  
  28  2:21  Drone  
  29  2:24  Drone  
  30  2:34  Hatchery  
  30  2:36  Drone  
  30  2:38  Zergling x2  
  31  2:45  Drone  
  31  2:46  Overlord  
  32  2:53  Queen  
  32  2:57  Zergling x4  
  36  3:04  Queen  
  38  3:06  Zergling x2  
  38  3:07  Zergling x2  
  38  3:08  Zergling x2  
  41  3:14  Drone x2  
  41  3:17  Drone  
  41  3:19  Overlord  
  43  3:29  Drone  
  44  3:34  Overlord  
  44  3:37  Queen, Drone  
  44  3:40  Queen  
  49  3:43  Drone  
  49  3:46  Drone  
  49  3:48  Drone  
  52  3:50  Drone  
  53  3:57  Spore Crawler  
  53  3:58  Drone x2  
  53  3:59  Queen  
  56  4:06  Drone  
  56  4:07  Drone x2  
  56  4:08  Drone x2  
  60  4:12  Drone x2  
  60  4:16  Drone  
  61  4:18  Drone, Evolution Chamber  
  61  4:21  Drone  
  61  4:22  Drone  
  63  4:25  Drone  
  63  4:26  Spore Crawler  
  63  4:30  Overlord  
  63  4:32  Spore Crawler, Drone  
  63  4:36  Queen  
  63  4:37  Zergling x2  
  66  4:43  Overlord  
  66  4:49  Drone  
  66  4:50  Drone  
  66  4:51  Drone  
  66  4:52  Hatchery  
  68  4:54  Drone x2  
  68  4:59  Drone  
  72  5:00  Drone x2  
  72  5:01  Zerg Melee Weapons Level 1  
  72  5:05  Zergling x6, Extractor  
  72  5:06  Drone  
  76  5:12  Overlord  
  76  5:14  Drone x4  
  78  5:16  Drone  
  78  5:18  Drone x2  
  78  5:19  Drone  
  78  5:20  Drone  
  82  5:27  Extractor  
  81  5:28  Lair  
  81  5:31  Roach Warren, Extractor  
  81  5:32  Drone x3  
  82  5:37  Drone  
  82  5:38  Drone x2, Overlord  
  82  5:40  Drone  
  82  5:41  Drone  
  82  5:42  Drone  
  88  5:44  Drone, Extractor  
  88  5:48  Overlord  
  88  5:50  Drone x2  
  88  5:53  Overlord  
  88  5:55  Extractor  
  89  5:58  Drone x2  
  89  6:01  Overlord  
  89  6:02  Drone  
  91  6:09  Drone x4  
  91  6:10  Overlord  
  98  6:13  Roach  
  98  6:15  Roach x4  
  104  6:23  Evolution Chamber  
  104  6:25  Baneling Nest, Roach x2  
  106  6:26  Drone x4  
  106  6:28  Drone x2  
  112  6:32  Overlord  
  112  6:35  Roach x3  
  112  6:37  Drone x3, Overlord  
  121  6:41  Glial Reconstitution, Drone  
  121  6:43  Roach  
  121  6:45  Overlord  
  124  6:48  Drone x2  
  124  6:49  Drone x2  
  124  6:52  Overlord  
  128  6:55  Zerg Melee Weapons Level 2, Zerg Missile Weapons Level 1  
  128  7:01  Pneumatized Carapace  
  128  7:13  Centrifugal Hooks  
  128  7:15  Zergling x2, Roach x4  
  136  7:20  Zergling x14, Roach x3  
  148  7:25  Zergling x4  
  148  7:26  Zergling x2  
  148  7:27  Hatchery  
  148  7:28  Overlord  
  148  7:29  Spine Crawler  
  149  7:31  Zergling x8  
  149  7:36  Zergling x6  
  149  7:37  Zergling x8, Infestation Pit  
  159  7:40  Ravager  
  159  7:41  Overlord x2  
  160  7:44  Overlord  
  160  7:47  Ravager  
  160  7:48  Zergling x2, Ravager x2  
  160  7:49  Zergling x8  
  168  7:56  Overlord  
  166  7:59  Overlord  
  166  8:05  Baneling x11  
  165  8:06  Baneling x5  
  165  8:07  Zergling x22  
  176  8:15  Drone, Hive  
  176  8:16  Drone x3  
  176  8:17  Zergling x4  
  176  8:18  Zergling x2  
  183  8:22  Zergling x4  
  183  8:23  Baneling x8  
  183  8:26  Zergling x2  
  186  8:33  Zergling x2  
  186  8:34  Zergling x16  
  195  8:40  Zergling x6, Roach x2, Unknown  
  173  8:44  Zergling x10  
  158  8:51  Zergling x2  
  158  8:53  Zergling x2  
  157  8:59  Ravager x2  
  157  9:00  Baneling  
  157  9:01  Baneling x6  
  159  9:03  Zergling x18  
  159  9:08  Baneling x11  
  167  9:10  Zergling x16  
  175  9:17  Baneling x10  
  175  9:19  Zergling x6  
  175  9:23  Zergling x2  
  175  9:24  Zergling x6  
  182  9:29  Zergling x18  
  182  9:30  Adrenal Glands  
  191  9:36  Zergling x6  
  191  9:37  Zergling x8  
  191  9:43  Zergling x2  
  173  9:52  Roach x2  
  162  9:53  Zergling x2, Roach x5  
  162  9:55  Zergling x6  
  162  9:59  Baneling  
  174  10:00  Zergling x14, Baneling x21  
  174  10:06  Zergling x10  
  186  10:12  Zergling x4  
  188  10:15  Zergling x4  
  188  10:18  Zergling x2  
  192  10:21  Zergling x2  
  192  10:24  Zergling x2  
  192  10:27  Baneling  
  192  10:28  Baneling x9  
  193  10:29  Zergling x10  
  193  10:34  Zergling x6  
  189  10:45  Hatchery  
  189  10:47  Zergling x24  
  175  10:51  Zergling x4  
  175  10:56  Zergling x18  
  180  10:59  Zergling x6  
  180  11:02  Zergling x4  
  180  11:03  Zergling x6  
  183  11:09  Zergling x2, Ravager x7  
  189  11:11  Zergling x2  
  189  11:12  Zergling x2  
  189  11:16  Zergling x4  
  191  11:20  Zergling x2  
  191  11:24  Roach  
  191  11:25  Zergling x6, Roach x3  
  175  11:29  Drone, Roach x2  
  175  11:32  Zergling x2  
  169  11:37  Zergling x6  
  170  11:41  Drone x2  
  170  11:44  Drone  
  170  11:45  Baneling  
  170  11:46  Baneling x11  
  173  11:48  Drone x2  
  173  11:49  Zergling x2  
  173  11:51  Zergling x4  
  178  11:56  Zergling x4  
  178  11:57  Zergling x8  
  178  12:00  Zergling x4  
  184  12:04  Zergling x2  
  184  12:05  Zergling x8  
Tags
 
Add a new tag
Caveats
  • Supply blocks, unpowered buildings, or Contaminate may cause inaccurate times.
  • Supply counts are checked every 10 seconds.